 Dungeon Crawl Stone Soup version 0.29.0-4-gdea44cf6ec (webtiles) character file.

Game seed: 1537552747973094271

26 qw the Ruffian (level 3, 0/28 HPs)
             Began as a Ghoul Fire Elementalist on Aug 29, 2022.
             Constricted to death by Natasha (7 damage)
             ... on level 2 of the Dungeon.
             The game lasted 00:01:11 (1471 turns).

qw the Ruffian (Ghoul Fire Elementalist)            Turns: 1471, Time: 00:01:11

Health: 0/28       AC:  8    Str: 11 (13) XL:     3   Next: 8%
Magic:  4/4        EV:  1    Int:  9 (10) God:
Gold:   28         SH:  0    Dex:  6 (9)  Spells: 4/5 levels left

rFire   . . .      SeeInvis .     - Unarmed
rCold   + . .      Faith    .   (no shield)
rNeg    + + +      Spirit   .   i - +0 chain mail
rPois   inf        Reflect  .   (no helmet)
rElec   .          Harm     .   (no cloak)
rCorr   .          Rampage  .   (no gloves)
Will    .....                   (no boots)
Stlth   ..........              (no amulet)
HPRegen 0.00/turn               (no ring)
MPRegen 0.09/turn               (no ring)

@: grasped by roots, inhibited regen, constricted
A: claws 1, cold resistance 1, negative energy resistance 3, inhibited
regeneration, torment resistance 2, devour on kill
a: no special abilities


You were on level 2 of the Dungeon.
You visited 1 branch of the dungeon, and saw 2 of its levels.

You collected 109 gold pieces.
You spent 81 gold pieces at shops.


Innate Abilities, Weirdness & Mutations

You are immune to poison.
You have sharp fingernails.
Your flesh is cold resistant. (rC+)
You are immune to negative energy. (rN+++)
You do not regenerate when monsters are visible.
You are immune to unholy pain and torment.
You thrive by killing the living.


   Skills:
 - Level 1.0 Fighting
 - Level 1.7 Dodging
 - Level 2.1 Stealth
 + Level 2.5 Unarmed Combat
 - Level 1.7 Spellcasting
 - Level 0.7 Conjurations
 - Level 2.4 Fire Magic


You had 4 spell levels left.
You knew the following spells:

 Your Spells              Type           Power      Damage    Failure   Level
a - Foxfire               Conj/Fire      12%        2x1d4     100%        1

Your spell library contained the following spells:

 Spells                   Type           Power      Damage    Failure   Level
 Scorch                   Fire           10%        2d5       100%        2
 Conjure Flame            Conj/Fire      3%         6-21      100%        3
 Inner Flame              Hex/Fire       2%         N/A       100%        3
 Flame Wave               Conj/Fire      3%         2d5       100%        4

Inventory:

Armour
 i - a +0 chain mail (worn)
Scrolls
 h - a scroll of identify

Dungeon Overview and Level Annotations

Branches:
Dungeon (2/15)

Altars:

Shops:
D:1 [:[

Annotations:
D:2 Natasha


Message History

The shadow imp shouts, "Scamper home, thou mewling fob-snatching wreck!"
You barely miss the hobgoblin.
The hobgoblin hits you but does no damage.
You closely miss the hobgoblin.
The hobgoblin hits you but does no damage.
You scratch the hobgoblin.
The hobgoblin is severely wounded.
A rat comes into view.
Natasha zaps a wand.
The roots erupt in riotous growth!
The hobgoblin is unaffected.
The grasping roots grab you!
Natasha is unaffected.
The shadow imp is unaffected.
The grasping roots constrict you.
The hobgoblin hits you but does no damage.
You hear an angry hiss.
You barely miss the hobgoblin.
The hobgoblin is severely wounded.
A ball python comes into view.
The grasping roots constrict you.
The hobgoblin hits you but does no damage.
You scratch the hobgoblin but do no damage.
The hobgoblin is severely wounded.
The grasping roots constrict you.
A goblin comes into view. It is wielding a +0 dagger.
The hobgoblin hits you.
You closely miss the hobgoblin.
The hobgoblin is severely wounded.
The grasping roots constrict you. The hobgoblin hits you.
The grasping roots release their grip on you.
You closely miss the hobgoblin.
The hobgoblin is severely wounded.
The hobgoblin hits you but does no damage.
You scratch the hobgoblin but do no damage.
The hobgoblin is severely wounded.
Natasha zaps a wand.
The roots erupt in riotous growth!
The hobgoblin is unaffected.
The grasping roots grab you!
Natasha is unaffected.
The rat is unaffected.
The shadow imp is unaffected.
The grasping roots constrict you!
You die...

#. ### #. #.#.
#.## .. ....
...##.#
#...###.....##
#.#..........#.
###.#...#..##....
#.....#...?......
##.....##)........
.......<.@.r......
##########g#######
.......h5......
..####....#...#
#....# .# #....#
....## J#...#
.#...#


You could see Natasha, a shadow imp (summoned), a hobgoblin and a rat.

Vanquished Creatures
  A dart slug (D:1)
  A bat (D:1)
  An endoplasm (D:1)
  2 giant cockroaches (D:1)
  3 goblins
  5 hobgoblins (D:1)
  A kobold (D:1)
  A quokka (D:1)
  A ball python (D:1)
  3 frilled lizards (D:1)
  2 rats (D:1)
21 creatures vanquished.

Notes
Turn   | Place    | Note
-------+----------+-------------------------------------------
     0 | D:1      | qw the Ghoul Fire Elementalist began the quest for the Orb.
     0 | D:1      | Reached XP level 1. HP: 14/14 MP: 2/2
     0 | D:1      | 0 ||| qw: Version: 0.1-a-90-g952f4b7
     0 | D:1      | 0 ||| qw: Game counter: 4050
     0 | D:1      | 0 ||| qw: Always use a shield: true
     0 | D:1      | 0 ||| qw: God list: Okawaru
     0 | D:1      | 0 ||| qw: Allow faded altars: false
     0 | D:1      | 0 ||| qw: Do Orc after D:15 true
     0 | D:1      | 0 ||| qw: Do second Lair branch before Depths: true
     0 | D:1      | 0 ||| qw: Lair rune preference: random
     0 | D:1      | 0 ||| qw: Plans: Normal
     0 | D:1      | 0 ||| PLANNING D:1-11
    32 | D:1      | 32 ||| Stepping ~*~*~tactically~*~*~ (outnumbered).
    37 | D:1      | 37 ||| Stepping ~*~*~tactically~*~*~ (outnumbered).
    45 | D:1      | Reached skill level 1 in Unarmed Combat
   196 | D:1      | 196 ||| Stepping ~*~*~tactically~*~*~ (stealth).
   205 | D:1      | Reached XP level 2. HP: 22/22 MP: 3/3
   214 | D:1      | Reached skill level 1 in Fighting
   591 | D:1      | Found Retugh's Antique Armour Boutique.
   601 | D:1      | 601 ||| Stepping ~*~*~tactically~*~*~ (hiding).
   703 | D:1      | 703 ||| Stepping ~*~*~tactically~*~*~ (hiding).
   805 | D:1      | 805 ||| Stepping ~*~*~tactically~*~*~ (hiding).
   907 | D:1      | 907 ||| Stepping ~*~*~tactically~*~*~ (hiding).
  1009 | D:1      | 1009 ||| Stepping ~*~*~tactically~*~*~ (hiding).
  1031 | D:1      | 1031 ||| BUYING chain mail (81 gold).
  1031 | D:1      | Bought a chain mail for 81 gold pieces
  1031 | D:1      | 1031 ||| SHOPLISTING pair of boots (81 gold, have 28).
  1031 | D:1      | 1031 ||| SHOPLISTING plate armour (414 gold, have 28).
  1121 | D:1      | Reached XP level 3. HP: 28/28 MP: 4/4
  1253 | D:1      | Found Johakhli's Book Shop.
  1264 | D:1      | Found Epnotenn's Armour Shoppe.
  1274 | D:1      | 1274 ||| SHOPLISTING +0 pair of gloves (45 gold, have 28).
  1274 | D:1      | 1274 ||| SHOPLISTING +2 plate armour of willpower (400
                  | gold, have 28).
  1368 | D:1      | 1368 ||| UPGRADING to +0 ring mail.
  1378 | D:1      | 1378 ||| DROPPING +0 robe.
  1379 | D:1      | 1379 ||| UPGRADING to +0 scale mail.
  1389 | D:1      | 1389 ||| DROPPING +0 ring mail.
  1390 | D:1      | 1390 ||| UPGRADING to +0 chain mail.
  1400 | D:1      | 1400 ||| DROPPING +0 scale mail.
  1401 | D:1      | 1401 ||| READING 3 scrolls labelled DOCIRO QIMUTYIT.
  1402 | D:1      | 1402 ||| READING scroll labelled BIOZEE BEGRU.
  1405 | D:1      | 1405 ||| DRINKING 2 amethyst potions.
  1406 | D:1      | 1406 ||| READING 2 scrolls of identify.
  1406 | D:1      | 1406 ||| IDENTIFYING fuming sapphire potion
  1407 | D:1      | 1407 ||| DROPPING potion of magic.
  1408 | D:1      | 1408 ||| DROPPING potion of degeneration.
  1409 | D:1      | 1409 ||| DROPPING potion of lignification.
  1456 | D:2      | Noticed Natasha
  1457 | D:2      | 1457 ||| Stepping ~*~*~tactically~*~*~ (hiding).
  1460 | D:2      | 1460 ||| Stepping ~*~*~tactically~*~*~ (outnumbered).
  1461 | D:2      | 1461 ||| Stepping ~*~*~tactically~*~*~ (outnumbered).
  1469 | D:2      | HP: 7/28 [hobgoblin (1)]
  1471 | D:2      | Constricted to death by Natasha

Levels and vault maps discovered:
D:1:      dpeg_arrival_refuge, layout_loops_ring, serial_shops,
          nicolae_square_shop, shop_statue, shop
D:2:      minmay_recursive_quarters, layout_rooms, uniq_terence, uniq_natasha

Skill      XL: |  1  2 |
---------------+-------+-----
Unarmed Combat | 1 2 |  2.5
Fighting       | 1 |  1.0
Dodging        | |  1.7
Stealth        | |  2.1
Spellcasting   | |  1.7
Conjurations   | |  0.7
Fire Magic     | |  2.4

Action                   || total
-------------------------++-------
Melee: Unarmed           ||    93
       Punch             ||     3
  Use: Scroll            ||     3
       Potion            ||     1
Armor: Robe              ||    21
       Chain mail        ||    10
Dodge: Dodged            ||    52

Table legend:
 A = Non-vault XP
 B = Vault XP
 C = Vault XP percentage of total XP
 D = Non-vault monster count
 E = Vault monster count
 F = Vault count percentage of total count
                 A         B        C        D         E       F
            +---------+---------+-------+---------+---------+-------
      Total |      38 |       0 |   0.0 |      21 |       0 |   0.0
            +---------+---------+-------+---------+---------+-------
        D:1 |      36 |       0 |   0.0 |      20 |       0 |   0.0
        D:2 |       2 |       0 |   0.0 |       1 |       0 |   0.0
            +---------+---------+-------+---------+---------+-------
